 Dungeon Crawl Stone Soup version 0.31.0-11-ge490571c62 (webtiles) character file.

Game seed: 210104343609284356

107 Xavori the Slasher (level 5, 0/32 HPs)
             Began as a Djinni Chaos Knight on Jan 27, 2024.
             Was a Plaything of Xom.
             Slain by a kobold brigand
             ... wielding a +0 war axe
              (19 damage)
             ... on level 3 of the Dungeon.
             The game lasted 00:02:08 (5731 turns).

Xavori the Slasher (Djinni Chaos Knight)            Turns: 5731, Time: 00:02:09

Health: 0/32       AC: 11    Str: 10    XL:     5   Next: 11%
Gold:   123        EV: 12    Int: 13    God:    Xom [..*...] SH:  0 Dex: 20

rFire   + + +        a - +0 falchion (chaos)
rCold   . . .        (no shield)
rNeg    . . .        b - +2 leather armour
rPois   ∞            (no helmet)
rElec   .            (no cloak)
rCorr   .            (no gloves)
SInv    .            (boots unavailable)
Will    .....        (no amulet)
Stlth   ++           l - ring of protection from cold
HPRegen 0.25/turn    (no ring)
MPRegen 0.00/turn

%: clarity, infuse magic (-1 HP)
@: flying
A: sickness immunity, fire resistance 3, cold vulnerability 1, float, innate
caster, HP casting, extra vitality 1, iridescent scales 3, thin skeletal
structure 1, agile 1, clarity, frail 2, evolution 1, MP-powered wands
a: Renounce Religion


You were on level 3 of the Dungeon.
You worshipped Xom.
You were a toy of Xom.
You visited 1 branch of the dungeon, and saw 3 of its levels.

You collected 123 gold pieces.

Inventory:

Hand Weapons
 a - a +0 falchion of chaos (weapon)
Armour
 b - a +2 leather armour (worn)
Jewellery
 i - a ring of ice
 l - a ring of protection from cold (left hand)
Scrolls
 c - 2 scrolls of butterflies
 e - 3 scrolls of teleportation {unknown}
 h - a scroll of identify {unknown}
 j - a scroll of blinking {unknown}
Potions
 d - 2 potions of curing {unknown}
 f - 2 potions of haste {unknown}
 g - a potion of attraction {unknown}
 k - a potion of mutation {unknown}


   Skills:
 + Level 3.4 Fighting
 + Level 3.7 Long Blades
 + Level 1.8 Armour
 + Level 2.7 Dodging
 * Level 0.8 Spellcasting
 * Level 0.8 Conjurations
 * Level 0.8 Hexes
 * Level 0.8 Summonings
 * Level 0.8 Necromancy
 * Level 0.8 Translocations
 * Level 0.8 Fire Magic
 * Level 0.8 Ice Magic
 * Level 0.8 Air Magic
 * Level 0.8 Earth Magic
 * Level 0.8 Alchemy


You knew the following spells:

 Your Spells              Type           Power      Damage    Failure   Level
a - Summon Small Mammal   Summ           8%         N/A       26%         1
b - Call Imp              Summ           4%         N/A       38%         2
Your spell library was empty.

Dungeon Overview and Level Annotations

Branches:
Dungeon (3/15)

Altars:
Nemelex Xobeh

Shops:
D:2 :

Annotations:
D:1 1 transporter


Innate Abilities, Weirdness & Mutations

You are immune to sickness and miasma.
You are immune to poison.
Your flesh is almost immune to the effects of heat. (rF+++)
You are vulnerable to cold. (rC-)
You float through the air rather than walking.
You learn spells naturally, not from books.
Your magical power is your life essence.
You have superior vitality. (+4 MHP)
You are completely covered in iridescent scales. (AC +6)
You have a somewhat thin skeletal structure. (Dex +2, Stealth+)
You are agile. (Dex +4, Str/Int -1)
You possess an exceptional clarity of mind.
You are very frail. (-20% HP)
You have hidden genetic potential.
You expend health (3 HP) to strengthen your wands.


Message History

You closely miss the kobold brigand.
The kobold brigand is moderately wounded.
Your rat zombie barely misses the kobold.
The kobold hits you but does no damage. The kobold brigand closely misses you.
Unknown command.
You closely miss the kobold brigand.
The kobold brigand is moderately wounded.
Your rat zombie barely misses the kobold.
The kobold brigand hits you but does no damage.
The kobold barely misses you.
Unknown command.
You hit the kobold brigand. You burn the kobold brigand.
The kobold brigand is severely wounded.
Your rat zombie bites the kobold but does no damage.
The kobold brigand closely misses you. The kobold hits you but does no damage.
Unknown command.
You barely miss the kobold brigand.
The kobold brigand is severely wounded.
The kobold hits you with a +0 quarterstaff.
The kobold brigand hits you with a +0 war axe!
Your rat zombie barely misses the kobold.
Unknown command.
You hit the kobold brigand but do no damage.
The kobold brigand seems to grow stronger.
Xom thinks this is hilarious!
The kobold brigand is severely wounded.
The kobold brigand hits you but does no damage.
The kobold hits you with a +0 quarterstaff.
Your rat zombie closely misses the kobold.
You hit the kobold brigand. You burn the kobold brigand.
The kobold brigand is severely wounded.
The kobold hits you but does no damage.
The kobold brigand completely misses you.
Your rat zombie misses the kobold.
You barely miss the kobold brigand.
The kobold brigand is severely wounded.
The kobold hits you but does no damage.
The kobold brigand hits you with a +0 war axe!!
Ouch! That really hurt!
You die...

#~##..# ###..#'##
#~#..### ###..#...
#..#~# ###.'..+.._
#..#~###...#..#...
#..#~~##...#..#+##
##..#~~~#...#..#...
#.)##≈~~#...+##+##'
#.)#≈≈~~....#.....#
#Z@##≈≈~....#...).#
##KK#≈~~)...###+##'
#..##~#.#####..##.
##..#~#.# #.......
..#<#.# #.......
).#.#.# #.......
)?#.#.###.......
#####.....#.......
........#.#.......


You could see a kobold brigand (strong, ally target), a kobold and a friendly
rat zombie.

Vanquished Creatures
  3 adders (D:2)
  2 ribbon worms
  A dart slug (D:3)
  2 ball pythons
  7 endoplasms
  2 giant cockroaches
  6 goblins
  9 hobgoblins
  2 jackals (D:3)
  9 kobolds
  8 quokkas
  7 bats
  A frilled lizard (D:3)
  9 rats
68 creatures vanquished.

Notes
Turn   | Place    | Note
-------+----------+-------------------------------------------
     0 | D:1      | Xavori the Djinni Chaos Knight began the quest for the Orb.
     0 | D:1      | Reached XP level 1. HP: 20/20 MP: 0/0
    16 | D:1      | XOM: silly message
    73 | D:1      | XOM: silly message
    98 | D:1      | Reached XP level 2. HP: 25/25 MP: 0/0
   121 | D:1      | XOM: silly message
   403 | D:1      | XOM: cloud trail
   486 | D:1      | XOM: enchant monster (good)
   500 | D:1      | Reached XP level 3. HP: 30/30 MP: 0/0
   500 | D:1      | Learned a level 1 spell: Summon Small Mammal
   528 | D:1      | XOM: confusion (+ monsters)
   718 | D:1      | XOM: polymorph hobgoblin -> quokka
   853 | D:1      | XOM: god gift: 19 gold pieces
  1131 | D:1      | XOM: give mutations
  1131 | D:1      | Gained mutation: You are frail. (-10% HP) [Xom's mischief]
  1131 | D:1      | Gained mutation: You have a somewhat thin skeletal
                  | structure. (Dex +2, Stealth+) [Xom's mischief]
  1131 | D:1      | Gained mutation: You are very frail. (-20% HP) [Xom's
                  | mischief]
  1682 | D:1      | XOM: stat loss: -1 Dex (15/16)
  1723 | D:1      | XOM: stat loss: -1 Dex (14/16)
  1822 | D:1      | XOM: noise
  2824 | D:1      | XOM: summons 4 hostile shadow creatures
  3099 | D:2      | XOM: polymorph endoplasm -> adder
  3124 | D:2      | Reached XP level 4. HP: 23/28 MP: 0/0
  3130 | D:1      | XOM: give mutations
  3130 | D:1      | Gained mutation: Your flesh is almost immune to the effects
                  | of heat. (rF+++) [Xom's grace]
  3130 | D:1      | Gained mutation: You are partially covered in iridescent
                  | scales. (AC +2) [Xom's grace]
  3451 | D:1      | XOM: cloud trail
  4258 | D:1      | XOM: give mutations
  4258 | D:1      | Gained mutation: You are mostly covered in iridescent
                  | scales. (AC +4) [Xom's grace]
  4258 | D:1      | Gained mutation: You expend health (3 HP) to strengthen
                  | your wands. [Xom's grace]
  4258 | D:1      | Gained mutation: You are completely covered in iridescent
                  | scales. (AC +6) [Xom's grace]
  4538 | D:1      | XOM: give mutations
  4538 | D:1      | Gained mutation: You have hidden genetic potential. [Xom's
                  | grace]
  4538 | D:1      | Gained mutation: You possess an exceptional clarity of
                  | mind. [Xom's grace]
  4898 | D:2      | XOM: chaos upgrade
  4929 | D:2      | Found Juyck's Book Shoppe.
  5464 | D:3      | Found a sparkling altar of Nemelex Xobeh.
  5613 | D:3      | Reached XP level 5. HP: 32/32 MP: 0/0
  5613 | D:3      | Learned a level 2 spell: Call Imp
  5627 | D:3      | Gained mutation: You are agile. (Dex +4, Str/Int -1)
                  | [hidden potential]
  5716 | D:3      | Noticed a kobold brigand
  5723 | D:3      | XOM: potion effect (heal wounds)
  5731 | D:3      | Slain by a kobold brigand

Illustrated notes

Levels and vault maps discovered:
D:1:      spicycebolla_arrival_risky_transporter, layout_basic,
          minmay_pentomino_x4
D:2:      layout_rooms, serial_shops, nicolae_book_shop_shelving
D:3:      cheibrodos_thug_alley, layout_basic, nicolae_tso_swordbearing_angel,
          mainiacjoe_overflow_alcove_4, bloody_makhleb,
          mainiacjoe_overflow_24_doors

Skill      XL: |  1  2 |
---------------+-------+-----
Long Blades    | 3 |  3.7
Fighting       | |  3.4
Armour         | |  1.8
Dodging        | |  2.7
Spellcasting   | |  0.8
Conjurations   | |  0.8
Hexes          | |  0.8
Summonings     | |  0.8
Necromancy     | |  0.8
Translocations | |  0.8
Fire Magic     | |  0.8
Ice Magic      | |  0.8
Air Magic      | |  0.8
Earth Magic    | |  0.8
Alchemy        | |  0.8

Action                     |  1- 3 |  4- 6 || total
---------------------------+-------+-------++-------
  Melee: Falchion          |    78 |   106 ||   184
   Stab: Paralysed         |     1 |       ||     1
         Confused          |     1 |     1 ||     2
         Sleeping          |       |     5 ||     5
 Armour: Leather armour    |    45 |    58 ||   103
  Dodge: Dodged            |    55 |    65 ||   120
